MWL (24 & UNDER)
MANHATTEN MEATHEADS @ WISCONSIN RAPIDS RANGERS
08/21/2023
 
TOP OF THE 1ST
Manhatten Meatheads batting - Pitching for Wisconsin Rapids Rangers : RHP Don Briggs
Pitching: RHP Don Briggs
Batting: RHB Mitch Thomas 0-0: Called Strike
0-1: Ball
1-1: Ball
2-1: Ground out 6-3 (Groundball, 6)
Batting: RHB Kyle O'Day 0-0: Ball
1-0: Called Strike
1-1: Foul Ball, location: 2F
1-2: Ball
2-2: Strikes out looking
Batting: LHB Pat Zimmerman 0-0: Ball
1-0: Swinging Strike
1-1: Ground out 6-3 (Groundball, 6)
Top of the 1st over - 0 run(s), 0 hit(s), 0 error(s), 0 left on base; Manhatten 0 - Wisconsin Rapids 0
BOTTOM OF THE 1ST
Wisconsin Rapids Rangers batting - Pitching for Manhatten Meatheads : RHP Rafael Ramírez
Pitching: RHP Rafael Ramírez
Batting: RHB Troy Reed 0-0: Called Strike
0-1: Ball
1-1: Ball
2-1: Called Strike
2-2: Ball
3-2: Foul Ball, location: 2F
3-2: Strikes out swinging
Batting: RHB James Jenkins 0-0: Swinging Strike
0-1: Called Strike
0-2: Ball
1-2: Ball
2-2: Foul Ball, location: 2F
2-2: TRIPLE (Groundball, 5L)
Batting: LHB Ron Robinson 0-0: Called Strike
0-1: Ball
1-1: Foul Ball, location: 2F
1-2: Strikes out swinging
Batting: RHB Arturo Rodríguez 0-0: Called Strike
0-1: Swinging Strike
0-2: Strikes out swinging
Bottom of the 1st over - 0 run(s), 1 hit(s), 0 error(s), 1 left on base; Manhatten 0 - Wisconsin Rapids 0
TOP OF THE 2ND
Manhatten Meatheads batting - Pitching for Wisconsin Rapids Rangers : RHP Don Briggs
Batting: LHB Dave Watt 0-0: Ball
1-0: Swinging Strike
1-1: Swinging Strike
1-2: Ball
2-2: Ball
3-2: Strikes out swinging
Batting: RHB Ben Morton 0-0: Swinging Strike
0-1: Ball
1-1: Foul Ball, location: 2F
1-2: Strikes out swinging
Batting: SHB Vitaliano Capuana 0-0: Ball
1-0: Ball
2-0: Called Strike
2-1: Swinging Strike
2-2: Ball
3-2: Base on Balls
Batting: RHB Júlio Galló 0-0: Ball
1-0: Ball
2-0: Ball
3-0: Called Strike
3-1: Foul Ball, location: 2F
3-2: Base on Balls
Vitaliano Capuana to second
Batting: RHB Juan Reyes 0-0: Called Strike
0-1: Fly out, F3 (Popup, 34)
Top of the 2nd over - 0 run(s), 0 hit(s), 0 error(s), 2 left on base; Manhatten 0 - Wisconsin Rapids 0
BOTTOM OF THE 2ND
Wisconsin Rapids Rangers batting - Pitching for Manhatten Meatheads : RHP Rafael Ramírez
Batting: RHB Earl Conrad 0-0: Swinging Strike
0-1: Called Strike
0-2: Strikes out swinging
Batting: LHB Alex Henderson 0-0: Called Strike
0-1: Ball
1-1: Ball
2-1: Swinging Strike
2-2: Strikes out swinging
Batting: RHB Paul Richard 0-0: Ball
1-0: Swinging Strike
1-1: Ground out U3 (Groundball, 3)
Bottom of the 2nd over - 0 run(s), 0 hit(s), 0 error(s), 0 left on base; Manhatten 0 - Wisconsin Rapids 0
TOP OF THE 3RD
Manhatten Meatheads batting - Pitching for Wisconsin Rapids Rangers : RHP Don Briggs
Batting: LHB Magali Foulerton 0-0: Foul Ball, location: 2F
0-1: Swinging Strike
0-2: Fly out, F6 (Popup, 56D)
Batting: RHB Mitch Thomas 0-0: Ball
1-0: Ball
2-0: Ball
3-0: Called Strike
3-1: Called Strike
3-2: Base on Balls
Batting: RHB Kyle O'Day 0-0: Called Strike
0-1: Ball
1-1: Swinging Strike
1-2: Grounds out, U3 (Groundball, 3L)
Batting: LHB Pat Zimmerman 0-0: Called Strike
0-1: Ball
1-1: Foul Ball, location: 2F
1-2: Strikes out swinging
Top of the 3rd over - 0 run(s), 0 hit(s), 0 error(s), 1 left on base; Manhatten 0 - Wisconsin Rapids 0
BOTTOM OF THE 3RD
Wisconsin Rapids Rangers batting - Pitching for Manhatten Meatheads : RHP Rafael Ramírez
Batting: RHB Danny Campbell 0-0: Ball
1-0: DOUBLE (Flyball, 89D)
Batting: RHB James Green 0-0: Swinging Strike
0-1: Ball
1-1: Ball
2-1: Fly out, F6 (Popup, 56D)
Batting: RHB Troy Reed 0-0: Swinging Strike
0-1: Swinging Strike
0-2: Strikes out looking
Batting: RHB James Jenkins 0-0: Called Strike
0-1: Swinging Strike
0-2: Ground out 6-3 (Groundball, 6M)
Bottom of the 3rd over - 0 run(s), 1 hit(s), 0 error(s), 1 left on base; Manhatten 0 - Wisconsin Rapids 0
TOP OF THE 4TH
Manhatten Meatheads batting - Pitching for Wisconsin Rapids Rangers : RHP Don Briggs
Batting: LHB Dave Watt 0-0: Called Strike
0-1: Called Strike
0-2: SINGLE (Line Drive, 3L)
Batting: RHB Ben Morton 0-0: Fly out, F8 (Flyball, 8RD)
Runner from 1st tags up, OUT at 2nd
Batting: SHB Vitaliano Capuana 0-0: Ball
1-0: Fly out, F8 (Flyball, 8LM)
Top of the 4th over - 0 run(s), 1 hit(s), 0 error(s), 0 left on base; Manhatten 0 - Wisconsin Rapids 0
BOTTOM OF THE 4TH
Wisconsin Rapids Rangers batting - Pitching for Manhatten Meatheads : RHP Rafael Ramírez
Batting: LHB Ron Robinson 0-0: Ball
1-0: Ball
2-0: Ball
3-0: Called Strike
3-1: Foul Ball, location: 2F
3-2: Reached on Error, E6 (Popup, 6MD)
Batting: RHB Arturo Rodríguez 0-0: Called Strike
0-1: Swinging Strike
0-2: Foul Ball, location: 2F
0-2: Foul Ball, location: 2F
0-2: Strikes out swinging
Batting: RHB Earl Conrad 0-0: Ball
1-0: Called Strike
1-1: SINGLE (Flyball, 8RS)
Ron Robinson to second
Throwing error, E9
Ron Robinson scores
Earl Conrad to second
Batting: LHB Alex Henderson 0-0: Fly out, F5 (Popup, 56S)
Batting: RHB Paul Richard 0-0: Fly out, F9 (Line Drive, 9M)
Bottom of the 4th over - 1 run(s), 1 hit(s), 2 error(s), 1 left on base; Manhatten 0 - Wisconsin Rapids 1
TOP OF THE 5TH
Manhatten Meatheads batting - Pitching for Wisconsin Rapids Rangers : RHP Don Briggs
Batting: RHB Júlio Galló 0-0: Ground out 6-3 (Groundball, 6)
Batting: RHB Juan Reyes 0-0: Foul Ball, location: 2F
0-1: Called Strike
0-2: Strikes out swinging
Batting: LHB Magali Foulerton 0-0: Ball
1-0: Fly out, F7 (Flyball, 7M)
Top of the 5th over - 0 run(s), 0 hit(s), 0 error(s), 0 left on base; Manhatten 0 - Wisconsin Rapids 1
BOTTOM OF THE 5TH
Wisconsin Rapids Rangers batting - Pitching for Manhatten Meatheads : RHP Rafael Ramírez
Batting: RHB Danny Campbell 0-0: Foul Ball, location: 2F
0-1: Ball
1-1: Ball
2-1: Foul Ball, location: 2F
2-2: Strikes out looking
Batting: RHB James Green 0-0: Called Strike
0-1: Foul Ball, location: 2F
0-2: Ball
1-2: Strikes out swinging
Batting: RHB Troy Reed 0-0: Foul Ball, location: 2F
0-1: Called Strike
0-2: Strikes out swinging
Bottom of the 5th over - 0 run(s), 0 hit(s), 0 error(s), 0 left on base; Manhatten 0 - Wisconsin Rapids 1
TOP OF THE 6TH
Manhatten Meatheads batting - Pitching for Wisconsin Rapids Rangers : RHP Don Briggs
Batting: RHB Mitch Thomas 0-0: Ball
1-0: Called Strike
1-1: Ball
2-1: Ball
3-1: Ground out 6-3 (Groundball, 6M)
Batting: RHB Kyle O'Day 0-0: Ball
1-0: Foul Ball, location: 2F
1-1: Swinging Strike
1-2: Ball
2-2: Strikes out looking
Batting: LHB Pat Zimmerman 0-0: Ball
1-0: Hit by Pitch
Pitching: LHP Steve Alexander
Batting: LHB Dave Watt 0-0: Called Strike
Pat Zimmerman steals 2nd base
0-1: Ball
1-1: SINGLE (Line Drive, 4MD)
Pat Zimmerman to third
Runner from 3rd tries for Home, SAFE, no throw or cutoff
Batting: RHB Ben Morton 0-0: SINGLE (Groundball, 56D)
Dave Watt to second
Batting: SHB Vitaliano Capuana 0-0: SINGLE (Line Drive, 9S)
Dave Watt to third
Ben Morton to second
Runner from 3rd tries for Home, SAFE, no throw or cutoff
Batting: RHB Júlio Galló 0-0: Called Strike
0-1: Swinging Strike
0-2: Hit by Pitch
Ben Morton to third
Vitaliano Capuana to second
Batting: RHB Juan Reyes 0-0: Called Strike
0-1: Ball
1-1: Foul Ball, location: 2F
1-2: Foul Ball, location: 2F
1-2: Fly out, F9 (Flyball, 89M)
Top of the 6th over - 2 run(s), 3 hit(s), 0 error(s), 3 left on base; Manhatten 2 - Wisconsin Rapids 1
BOTTOM OF THE 6TH
Wisconsin Rapids Rangers batting - Pitching for Manhatten Meatheads : RHP Rafael Ramírez
Batting: RHB James Jenkins 0-0: Ball
1-0: Ball
2-0: Called Strike
2-1: Foul Ball, location: 2F
2-2: Strikes out swinging
Batting: LHB Ron Robinson 0-0: Ball
1-0: Ball
2-0: Called Strike
2-1: Swinging Strike
2-2: Strikes out swinging, 2-3 out at first.
Batting: RHB Arturo Rodríguez 0-0: Called Strike
0-1: Ball
1-1: Ball
2-1: Ball
3-1: SINGLE (Flyball, 9LS)
Pitching: LHP Dave Blackwell
Batting: RHB Earl Conrad 0-0: Called Strike
0-1: Ball
1-1: Called Strike
1-2: Ball
2-2: Strikes out looking
Bottom of the 6th over - 0 run(s), 1 hit(s), 0 error(s), 1 left on base; Manhatten 2 - Wisconsin Rapids 1
TOP OF THE 7TH
Manhatten Meatheads batting - Pitching for Wisconsin Rapids Rangers : LHP Steve Alexander
Batting: LHB Magali Foulerton 0-0: Ball
1-0: Foul Ball, location: 2F
1-1: Called Strike
1-2: Strikes out swinging
Batting: RHB Mitch Thomas 0-0: Ball
1-0: Ball
2-0: Called Strike
2-1: Foul Ball, location: 2F
2-2: Ball
3-2: Base on Balls
Batting: RHB Kyle O'Day 0-0: Ball
1-0: Called Strike
Throwing error on steal attempt, E2
Mitch Thomas to third
1-1: Ball
2-1: Swinging Strike
2-2: Fly out, F9 (Flyball, 89S)
Runner from 3rd tags up, SCORES, throw made
Batting: LHB Pat Zimmerman 0-0: DOUBLE (Groundball, 3L)
Batting: LHB Dave Watt 0-0: Ball
1-0: Ball
2-0: Called Strike
2-1: Foul Ball, location: 2F
2-2: Ground out U3 (Groundball, 3S)
Top of the 7th over - 1 run(s), 1 hit(s), 1 error(s), 1 left on base; Manhatten 3 - Wisconsin Rapids 1
BOTTOM OF THE 7TH
Wisconsin Rapids Rangers batting - Pitching for Manhatten Meatheads : LHP Dave Blackwell
Batting: LHB Alex Henderson 0-0: Foul Ball, location: 2F
0-1: Ball
1-1: SOLO HOME RUN (Flyball, 9LD), Distance : 325 ft
Batting: RHB Paul Richard 0-0: Swinging Strike
0-1: SINGLE (Groundball, 6M)
Pinch Hitting: SHB José López 0-0: Ball
1-0: Sac Bunt - play at second, runner OUT! 1-6
Batting: RHB James Green 0-0: Ball
1-0: Foul Ball, location: 2F
1-1: Foul Ball, location: 2F
1-2: Foul Ball, location: 2F
1-2: Strikes out swinging
Pinch Hitting: RHB John Denton 0-0: Ball
José López is caught stealing 2nd base
Bottom of the 7th over - 1 run(s), 2 hit(s), 0 error(s), 0 left on base; Manhatten 3 - Wisconsin Rapids 2
TOP OF THE 8TH
Manhatten Meatheads batting - Pitching for Wisconsin Rapids Rangers : LHP Steve Alexander
Now at 1B: John Denton
Now in LF: José López
Batting: RHB Ben Morton 0-0: Ball
1-0: Ball
2-0: Foul Ball, location: 2F
2-1: Ball
3-1: Called Strike
3-2: Base on Balls
Batting: SHB Vitaliano Capuana 0-0: Sac Bunt - play at first, batter OUT! 1-4
Ben Morton to second
Batting: RHB Júlio Galló 0-0: Called Strike
0-1: Ball
1-1: Ball
2-1: Ball
3-1: Base on Balls
Pinch Hitting: RHB John Little 0-0: Ball
1-0: Ball
2-0: Called Strike
2-1: Grounds into double play, 6-4-3 (Groundball, 6M)
Top of the 8th over - 0 run(s), 0 hit(s), 0 error(s), 1 left on base; Manhatten 3 - Wisconsin Rapids 2
BOTTOM OF THE 8TH
Wisconsin Rapids Rangers batting - Pitching for Manhatten Meatheads : LHP Dave Blackwell
Pitching: RHP Rodney Hall
Now at 2B: Will Evans
Now at 3B: Ramón Ybarra
Batting: RHB John Denton 0-0: Ball
1-0: Ball
2-0: Ball
3-0: Base on Balls
Batting: RHB James Jenkins 0-0: Sac Bunt - play at first, batter OUT! 1-4
John Denton to second
Pitching: LHP Aaron Gibbs
Batting: LHB Ron Robinson 0-0: Called Strike
0-1: Ball
1-1: Swinging Strike
1-2: SINGLE (Groundball, 56) (infield hit)
John Denton to third
Pitching: RHP Matt Johnston
Batting: RHB Arturo Rodríguez 0-0: SINGLE (Line Drive, 9S)
John Denton scores
Ron Robinson to second
Batting: RHB Earl Conrad 0-0: Called Strike
0-1: Ball
1-1: Foul Ball, location: 2F
1-2: Ball
2-2: SINGLE (Groundball, 4MD)
Ron Robinson to third
Arturo Rodríguez to second
Runner from 3rd tries for Home, SAFE, no throw or cutoff
Batting: LHB Alex Henderson 0-0: Called Strike
0-1: SINGLE (Groundball, 34D)
Arturo Rodríguez to third
Earl Conrad to second
Runner from 3rd tries for Home, SAFE, throw made home
Earl Conrad to third
Alex Henderson to second
Pinch Hitting: LHB Ramón Córdova 0-0: Ground out 4-3 (Groundball, 4)
Batting: SHB José López 0-0: Ball
1-0: Ball
2-0: Ball
3-0: Base on Balls
Batting: RHB James Green 0-0: Ball
1-0: Ball
2-0: Fly out, F8 (Flyball, 8RM)
Bottom of the 8th over - 3 run(s), 4 hit(s), 0 error(s), 3 left on base; Manhatten 3 - Wisconsin Rapids 5
TOP OF THE 9TH
Manhatten Meatheads batting - Pitching for Wisconsin Rapids Rangers : LHP Steve Alexander
Pitching: RHP Jack Hampton
Now in LF: Ramón Córdova
Batting: LHB Magali Foulerton 0-0: Foul Ball, location: 2F
0-1: Swinging Strike
0-2: Ball
1-2: Ball
2-2: Foul Ball, location: 2F
2-2: Strikes out swinging
Batting: RHB Mitch Thomas 0-0: Ball
1-0: Called Strike
1-1: Swinging Strike
1-2: Ball
2-2: Foul Ball, location: 2F
2-2: Strikes out swinging
Batting: RHB Kyle O'Day 0-0: Ball
1-0: Ball
2-0: Called Strike
2-1: Ball
3-1: Base on Balls
Batting: LHB Pat Zimmerman 0-0: Ball
1-0: Ball
2-0: Ball
3-0: Base on Balls
Kyle O'Day to second
Batting: LHB Dave Watt 0-0: Ground out 3-1 (Groundball, 3L)
Top of the 9th over - 0 run(s), 0 hit(s), 0 error(s), 2 left on base; Manhatten 3 - Wisconsin Rapids 5
This league is powered by Out of the Park Baseball, the baseball management simulation game for PC, Mac and Linux
Wednesday, December 2nd, 2015 - OOTP Baseball 16.8 Build 38